 Dungeon Crawl Stone Soup version 0.21-a0-225-g207ae17 (webtiles) character file.

46430 nikopol the Severer (level 14, -9/128 (129) HPs)
             Began as a Minotaur Berserker on Aug 27, 2017.
             Was a High Priest of Trog.
             Splashed by an oklob plant's acid (10 damage)
             ... on level 3 of the Lair of Beasts on Aug 28, 2017.
             The game lasted 01:12:44 (21096 turns).

nikopol the Severer (Minotaur Berserker)           Turns: 21096, Time: 01:12:45

HP:   -9/128 (129)  AC: -1    Str: 22    XL:     14   Next: 4%
MP:   13/13         EV: 15    Int:  4    God:    Trog [*****.]
Gold: 451           SH:  0    Dex: 15    Spells: 13/13 levels left

rFire    . . .     SeeInvis .   z - +0 shortbow
rCold    . . .     Gourm    .   (shield currently unavailable)
rNeg     + . .     Faith    .   N - +3 scale mail {rPois}
rPois    +         Spirit   .   (helmet restricted)
rElec    .         Reflect  .   (no cloak)
rCorr    .         Harm     .   D - +0 pair of gloves
MR       +....                  M - +2 pair of boots {Stlth+}
Stlth    ++........             (no amulet)
HPRegen  0.31/turn              k - ring of positive energy
MPRegen  0.13/turn              (no ring)

@: corroded
A: retaliatory headbutt, horns 2
a: Berserk, Trog's Hand, Brothers in Arms, Burn Spellbooks, Renounce Religion


You were on level 3 of the Lair of Beasts.
You worshipped Trog.
Trog was extremely pleased with you.
You were hungry.

You visited 2 branches of the dungeon, and saw 15 of its levels.
You also visited: Ice Cave.

You collected 1163 gold pieces.
You spent 712 gold pieces at shops.

Inventory:

Hand Weapons
 a - a +7 antimagic executioner's axe
 z - a +0 shortbow (weapon)
 B - a +1 war axe of flaming
Missiles
 h - 144 arrows (quivered)
Armour
 D - a +0 pair of gloves (worn)
 L - a cursed +0 scale mail
 M - a +2 pair of boots of stealth (worn)
 N - a +3 scale mail of poison resistance (worn)
Jewellery
 k - a ring of positive energy (left hand)
 x - an uncursed ring of protection from cold {unknown}
Wands
 C - a wand of paralysis (6/24)
 F - a wand of enslavement (10/24)
 K - a wand of polymorph (12/24)
Scrolls
 b - a scroll of acquirement {unknown}
 d - a scroll of magic mapping
 g - 8 scrolls of fog
 i - 7 scrolls of teleportation
 l - 5 scrolls of blinking
 n - a scroll of enchant armour {unknown}
 q - 5 scrolls of amnesia {unknown}
 u - a scroll of fear {unknown}
 y - 2 scrolls of enchant weapon {unknown}
 A - a scroll of identify
 P - a scroll of remove curse
Potions
 e - 5 potions of might
 f - 5 potions of curing
 j - a potion of haste
 o - 2 potions of resistance
 p - 3 potions of heal wounds
 s - a potion of ambrosia {unknown}
 t - a potion of invisibility
 w - a potion of mutation
 E - 5 potions of agility
 G - a potion of magic
 H - 2 potions of brilliance
 J - a potion of flight
Comestibles
 c - 10 bread rations
 m - 3 royal jellies
 r - 31 fruits
 v - 8 meat rations


   Skills:
 + Level 13.5 Fighting
 + Level 16.0 Axes
 + Level 10.4 Bows
 + Level 14.2 Armour
 + Level 7.7 Dodging
 + Level 2.8 Stealth


You had 13 spell levels left.
You didn't know any spells.

Dungeon Overview and Level Annotations

Branches:
Dungeon (12/15)            Temple (0/1) D:5            Lair (3/6) D:8
  Swamp (0/4) Lair:3          Orc (0/2) D:9
  Snake: Lair:2-4    Spider: Lair:2-4

Altars:
Gozag
Xom

Shops:
D:9 [(

Annotations:
Lair:3 exclusion: 2 oklob plants


Innate Abilities, Weirdness & Mutations

You reflexively headbutt those who attack you in melee.
You have a pair of horns on your head.


Message History

Aim: an oklob plant (severely damaged)
You shoot an arrow.
The arrow hits the oklob plant but does no damage.
The oklob plant is severely damaged.
Firing (i - inventory):
h - 145 arrows (quivered)
Press: ? - help, Shift-Dir - straight line, f/p - oklob plant
Aim: an oklob plant (severely damaged)
You shoot an arrow.
The arrow hits the oklob plant but does no damage.
The oklob plant is severely damaged.
The oklob plant spits acid at you. The splash of acid hits you!
* * * LOW HITPOINT WARNING * * *
You are splashed with acid!
The acid burns!
* * * LOW HITPOINT WARNING * * *
The oklob plant spits acid at you. The splash of acid hits you!
* * * LOW HITPOINT WARNING * * *
The acid corrodes you!
You are splashed with acid!
The acid burns!
You die...

#...#####...≈≈≈≈≈≈≈≈≈###
#..........≈≈≈≈≈≈≈≈≈..#.
#..........≈≈≈≈≈≈≈≈≈≈...
#..........≈≈≈≈.≈≈≈≈....
#..........≈≈≈≈...≈.....
#....=.......≈..........
##.........^.............
#................#.#.##..
##......@.........###.##.
*#####'######.....#...##.
*,≈≈.....≈≈,#....##...#P.
*,≈...(...≈,#....P#......
#P≈.......≈P#....##......
#P≈.......≈P#....P#...P#.
#P≈.......≈P#....#######.
#P≈≈.....≈≈P#.......###PP
*****,,,****#............


You could see 2 oklob plants.

Vanquished Creatures
  A frost giant (IceCv)
  Josephine (D:11)
  A hydra (D:12)
  A centaur warrior (D:12)
  Erica (D:11)
  6 death yaks
  4 two-headed ogres
  Urug (D:11)
  3 unseen horrors
  3 ugly things
  4 black mambas
  An ice statue (IceCv)
  2 centaur skeletons
  3 spiny frogs
  4 rime drakes
  5 komodo dragons
  6 trolls
  12 polar bears (IceCv)
  A hornet (D:12)
  2 dream sheep (D:12)
  18 blink frogs
  9 hippogriffs
  3 wraiths
  Grum (D:11)
  47 yaks
  A vampire (D:12)
  3 wyverns
  2 shadows
  A hungry ghost (D:11)
  2 steam dragons (D:8)
  9 water moccasins
  7 porcupines
  2 black bears
  A necrophage (D:10)
  5 orc warriors
  3 ice beasts
  5 sky beasts
  A phantom (D:5)
  2 eyes of draining
  3 centaurs
  6 ogres
  22 wolves
  9 crocodiles
  5 big kobolds
  7 bullfrogs
  2 scorpions
  4 killer bees (D:8)
  5 wights (D:12)
  8 crimson imps
  2 bullfrog zombies (D:12)
  A centaur zombie (D:12)
  6 hounds
  3 jellies
  8 orc priests
  2 bullfrog skeletons
  4 iguanas
  8 orc wizards
  8 worker ants
  A hound zombie (D:8)
  2 hound skeletons
  A worker ant zombie (D:6)
  11 gnolls
  12 adders
  A howler monkey zombie (D:10)
  4 shadow imps
  An ooze (D:1)
  2 adder skeletons
  3 worms
  4 leopard geckos
  62 orcs
  A ball python (D:5)
  6 bats
  7 giant cockroaches
  10 goblins
  5 hobgoblins
  6 jackals
  2 quokkas
  4 frilled lizards
  2 jackal skeletons
  11 kobolds
  A leopard gecko zombie (D:9)
  2 quokka zombies
  9 rats
467 creatures vanquished.

Vanquished Creatures (others)
  A fungus (Lair:2)
  2 plants
3 creatures vanquished.

Grand Total: 470 creatures vanquished

Notes
Turn   | Place    | Note
-------+----------+-------------------------------------------
     0 | D:1      | nikopol the Minotaur Berserker began the quest for the Orb.
     0 | D:1      | Reached XP level 1. HP: 19/19 MP: 0/0
    53 | D:1      | Reached skill level 4 in Axes
    53 | D:1      | Reached XP level 2. HP: 16/27 MP: 1/1
   540 | D:1      | Reached ** piety under Trog
   671 | D:2      | Reached XP level 3. HP: 27/33 MP: 2/2
  1166 | D:3      | Reached XP level 4. HP: 32/40 MP: 3/3
  1195 | D:3      | Reached skill level 5 in Axes
  1315 | D:3      | Reached *** piety under Trog
  1624 | D:4      | HP: 3/61 [orc priest/club (5)]
  1626 | D:4      | Reached XP level 5. HP: 4/47 MP: 4/4
  2014 | D:4      | Reached skill level 6 in Axes
  2262 | D:4      | Found an opulent altar of Gozag.
  2372 | D:4      | Noticed an ogre
  2377 | D:4      | Killed an ogre
  2377 | D:4      | Reached XP level 6. HP: 39/55 MP: 5/5
  2577 | D:5      | Entered Level 5 of the Dungeon
  2677 | D:5      | Reached skill level 5 in Fighting
  2687 | D:5      | Reached skill level 7 in Axes
  2975 | D:5      | Found a staircase to the Ecumenical Temple.
  3039 | D:5      | Reached XP level 7. HP: 54/61 MP: 6/6
  3184 | D:6      | Reached skill level 1 in Stealth
  3189 | D:6      | Found a shimmering altar of Xom.
  3298 | D:6      | You fall through a shaft!
  3298 | D:7      | Noticed a hippogriff
  3304 | D:7      | Killed a hippogriff
  3304 | D:7      | Reached skill level 8 in Axes
  3337 | D:7      | Reached **** piety under Trog
  3337 | D:7      | Reached skill level 5 in Armour
  3544 | D:7      | Reached XP level 8. HP: 60/70 MP: 7/7
  3831 | D:6      | Reached skill level 9 in Axes
  4632 | D:7      | Reached ***** piety under Trog
  5049 | D:8      | Reached skill level 10 in Axes
  5078 | D:8      | Reached XP level 9. HP: 71/78 MP: 8/8
  5541 | D:8      | Noticed a death yak
  5612 | D:8      | Found a staircase to the Lair.
  5615 | D:8      | Noticed a death yak
  5631 | D:8      | Noticed a death yak
  5720 | D:8      | Killed a death yak
  5720 | D:8      | Reached skill level 11 in Axes
  5720 | D:8      | Reached skill level 5 in Dodging
  5739 | D:8      | Killed a death yak
  5739 | D:8      | Reached XP level 10. HP: 15/88 MP: 9/9
  6073 | D:8      | Killed a death yak
  6073 | D:8      | Reached skill level 12 in Axes
  6333 | D:8      | Upgraded the game from 0.21-a0-221-gfe971b9 to 0.21-a0-225-g207ae17
  6432 | D:8      | Received a gift from Trog
  6647 | D:9      | Noticed a two-headed ogre
  6656 | D:9      | Killed a two-headed ogre
  6656 | D:9      | Reached skill level 10 in Armour
  6930 | D:9      | Noticed a two-headed ogre
  7446 | Lair:1   | Entered Level 1 of the Lair of Beasts
  7483 | Lair:1   | Reached skill level 13 in Axes
  7779 | Lair:1   | Noticed a spiny frog
  7790 | Lair:1   | Killed a spiny frog
  7790 | Lair:1   | Reached XP level 11. HP: 75/97 MP: 10/10
  8172 | Lair:1   | Reached skill level 10 in Fighting
  8682 | D:9      | Found Adocupau's Armour Boutique.
  8694 | D:9      | Noticed a two-headed ogre
  8706 | D:9      | Killed a two-headed ogre
  8715 | D:9      | Found a staircase to the Orcish Mines.
  8715 | D:9      | Found Xona's Weapon Boutique.
  8976 | D:9      | Killed a two-headed ogre
  9321 | D:10     | Entered Level 10 of the Dungeon
  9340 | D:10     | Reached skill level 14 in Axes
  9967 | D:10     | Received a gift from Trog
 10230 | D:10     | Reached skill level 1 in Bows
 10806 | D:11     | Noticed Grum
 10824 | D:11     | Killed Grum
 11249 | D:11     | Noticed a brown ugly thing
 11262 | D:11     | Noticed Josephine
 11262 | D:11     | Killed a brown ugly thing
 11262 | D:11     | Reached XP level 12. HP: 109/109 MP: 11/11
 11596 | D:11     | Killed Josephine
 12178 | D:11     | Noticed Erica
 12190 | D:11     | Killed Erica
 12304 | D:11     | Reached skill level 5 in Bows
 12337 | D:11     | Noticed Urug
 12354 | D:11     | Killed Urug
 12506 | D:11     | Noticed a two-headed ogre
 12517 | D:11     | Killed a two-headed ogre
 14107 | D:12     | Noticed a two-headed hydra
 14123 | D:12     | Killed an eight-headed hydra
 14143 | D:11     | Received a gift from Trog
 14782 | D:12     | Noticed a centaur warrior
 14801 | D:12     | Killed a centaur warrior
 15136 | D:9      | Bought a +2 pair of boots of stealth for 344 gold pieces
 15136 | D:9      | Bought a +3 scale mail of poison resistance for 368 gold pieces
 15245 | Lair:1   | Reached XP level 13. HP: 106/118 MP: 12/12
 16209 | Lair:2   | Received a gift from Trog
 17109 | Lair:3   | Found a frozen archway.
 17129 | IceCv    | Entered an ice cave
 17163 | IceCv    | Reached skill level 15 in Axes
 18880 | IceCv    | Reached skill level 10 in Bows
 19122 | IceCv    | Noticed a frost giant
 19148 | IceCv    | Killed a frost giant
 20653 | Lair:3   | Reached skill level 16 in Axes
 20656 | Lair:3   | Reached XP level 14. HP: 82/128 MP: 4/13
 20849 | Lair:3   | Received a gift from Trog
 20915 | Lair:3   | Found a staircase to the Swamp.
 21096 | Lair:3   | HP: 1/128 [oklob plant/splash of acid (13)]
 21096 | Lair:3   | Splashed by an oklob plant's acid

Vault maps used:
D:1:      saegor_arrival_simple_f, minmay_tromino_v2
D:2:      cheibrodos_old_hovel, serial_forest, infiniplex_forest_lined_room_2,
          infiniplex_forest_clump_tiny, infiniplex_forest_clump_small,
          infiniplex_forest_diagonal, infiniplex_forest_clump_diagonal,
          infiniplex_forest_clump_tiny, first_bread
D:4:      kennysheep_six_static_rooms, grunt_gozag_statues
D:5:      temple_statues, serial_bayou_pond_c, grunt_ministairs_5
D:6:      basic_altar
D:8:      dpeg_lair_monsters
D:9:      orc_david_3, grunt_potential
D:11:     uniq_erica, uniq_urug, uniq_josephine, uniq_grum
D:12:     hangedman_ranch
Lair:2:   st_stairs_8, grunt_megastairs_1
Lair:3:   dpeg_oklob_gauntlet, swamp_mist, portal_ice_cave_rime,
          infiniplex_staircase_pool
IceCv:    ice_cave_caverns_02

Skill      XL: |  1  2  3  4  5  6  7  8  9 10 11 12 13 |
---------------+----------------------------------------+-----
Axes           | 4 5 6 7 8 10 11 13 14 16 | 16.0
Fighting       | 4 5 6 8 9 11 12 13 | 13.5
Dodging        | 3 4 5 6 7 |  7.7
Armour         | 4 5 7 9 10 12 13 14 | 14.2
Stealth        | 1 2 |  2.8
Bows           | 3 7 10 | 10.4

Action                   |  1- 3 |  4- 6 |  7- 9 | 10-12 | 13-15 || total
-------------------------+-------+-------+-------+-------+-------++-------
Melee: Hand axe          |    83 |    34 |   219 |   703 |       ||  1039
       Headbutt          |    13 |    15 |    57 |   174 |    51 ||   310
       War axe           |       |    55 |    42 |     2 |    34 ||   133
       Shortbow          |       |       |       |     1 |       ||     1
       Executioner's axe |       |       |       |       |   200 ||   200
 Fire: Shortbow          |       |       |       |   203 |   364 ||   567
Invok: Burn Spellbooks   |     1 |     1 |       |     3 |     2 ||     7
       Berserk           |       |     2 |     2 |    12 |     2 ||    18
  Use: Scroll            |       |       |    10 |    13 |     2 ||    25
 Stab: Sleeping          |     1 |       |       |       |       ||     1
  Eat: Chunk             |     1 |     8 |     9 |    36 |    16 ||    70
       Royal jelly       |       |       |       |     4 |     2 ||     6
Armor: Animal skin       |    17 |     1 |       |       |       ||    18
       Scale mail        |       |    29 |    79 |     2 |   128 ||   238
       Chain mail        |       |       |       |   248 |       ||   248
Dodge: Dodged            |    53 |    50 |   122 |   313 |   240 ||   778

Table legend:
 A = Spawn XP
 B = Non-spawn XP
 C = Spawn XP percentage of total XP
 D = Spawn monster count
 E = Non-spawn monster count
 F = Spawn count percentage of total count
 G = Total turns spent on level
                    A         B        C        D         E        F      G
               +---------+---------+-------+---------+---------+-------+---------
         Total |    8015 |   58314 |  12.1 |      83 |     384 |  17.8 | 21096
               +---------+---------+-------+---------+---------+-------+---------
           D:1 |       5 |      31 |  13.9 |       4 |      15 |  21.1 |   636
           D:2 |       2 |      35 |   5.4 |       1 |      15 |   6.2 |   458
           D:3 |       0 |      58 |   0.0 |       0 |      18 |   0.0 |   377
           D:4 |       0 |     287 |   0.0 |       0 |       9 |   0.0 |  1106
           D:5 |       0 |     424 |   0.0 |       0 |      19 |   0.0 |   596
           D:6 |      42 |     316 |  11.7 |      11 |      12 |  47.8 |   891
           D:7 |     122 |    1281 |   8.7 |       1 |      39 |   2.5 |   872
           D:8 |     902 |    4714 |  16.1 |      19 |      26 |  42.2 |  2341
           D:9 |     157 |    5260 |   2.9 |       6 |      30 |  16.7 |  1244
          D:10 |     591 |    2256 |  20.8 |       6 |      34 |  15.0 |  1965
          D:11 |    1743 |    7159 |  19.6 |       4 |      30 |  11.8 |  2247
          D:12 |    1138 |    7239 |  13.6 |      11 |      27 |  28.9 |  1532
        Lair:1 |     237 |    4651 |   4.8 |       2 |      19 |   9.5 |  1264
        Lair:2 |    1708 |    6105 |  21.9 |      11 |      24 |  31.4 |  1505
        Lair:3 |    1368 |    4182 |  24.6 |       7 |      15 |  31.8 |  1627
         IceCv |       0 |   14316 |   0.0 |       0 |      52 |   0.0 |  2435
               +---------+---------+-------+---------+---------+-------+---------
